 Dungeon Crawl Stone Soup version 0.30-a0-528-g8c47a4955b (webtiles) character file.

Game seed: 17074811961506336953

842 p00ps00p the Trooper (level 8, 0/69 (71) HPs)
             Began as a Hill Orc Fighter on Dec 24, 2022.
             Slain by an ogre
             ... wielding a +0 giant spiked club
              (12 damage)
             ... on level 6 of the Dungeon.
             The game lasted 00:05:50 (4586 turns).

p00ps00p the Trooper (Hill Orc Fighter)             Turns: 4586, Time: 00:05:51

HP:   0/69 (71)     AC: 12    Str: 21    XL:     8   Next: 0%
MP:   8/8           EV:  9    Int:  8    God:
Gold: 229           SH:  5    Dex: 10    Spells: 7/7 levels left

rFire   . . .      SeeInvis +    a - +2 war axe
rCold   . . .      Faith    .    c - +0 buckler
rNeg    . . .      Spirit   .    b - +0 scale mail
rPois   +          Reflect  .    j - +1 helmet
rElec   .          Harm     .    o - +0 cloak
rCorr   .          Rampage  .    (no gloves)
Will    .....                    p - +0 pair of boots Stlth
                                 (no amulet)
HPRegen 0.31/turn                e - ring of poison resistance
MPRegen 0.11/turn                u - ring of see invisible

@: mighty, hasted, lightly drained, very quick
A: no striking features
a: no special abilities


You were on level 6 of the Dungeon.
You visited 1 branch of the dungeon, and saw 6 of its levels.

You collected 229 gold pieces.

Inventory:

Hand Weapons
 a - a +2 war axe (weapon)
Missiles
 g - 3 boomerangs of dispersal (quivered)
Armour
 b - a +0 scale mail (worn)
 c - a +0 buckler (worn)
 j - a +1 helmet (worn)
 o - a +0 cloak (worn)
 p - a +0 pair of boots (worn)
Jewellery
 e - a ring of poison resistance (left hand)
 u - a ring of see invisible (right hand)
Wands
 v - a wand of iceblast (6)
Scrolls
 f - a scroll of butterflies
 t - a scroll of teleportation
 x - a scroll of identify {unknown}
Potions
 h - 3 potions of heal wounds {unknown}
 i - a potion of experience {unknown}
 l - a potion of attraction {unknown}
 m - a potion of flight {unknown}
 n - 4 potions of degeneration {unknown}
 q - 3 potions of cancellation {unknown}
 r - 3 potions of mutation {unknown}
 s - a potion of lignification {unknown}
 w - a potion of curing {unknown}
 z - a potion of brilliance {unknown}


   Skills:
 + Level 6.3 Fighting
 + Level 6.2 Axes
 + Level 5.8 Armour
 + Level 5.7 Shields


You had 7 spell levels left.
You didn't know any spells.
Your spell library contained the following spells:

 Spells                   Type           Power      Damage    Failure   Level
 Stone Arrow              Conj/Erth      0%         3d7       99%         3
 Animate Armour           Summ/Erth      0%         N/A       100%        4
 Lehudib's Crystal Spear  Conj/Erth      0%         10d2      100%        8


Dungeon Overview and Level Annotations

Branches:
Dungeon (6/15)
 Temple: D:4-7

Altars:
Ashenzari
Dithmenos
Fedhas
Ru
Trog


Message History

You are too injured to fight recklessly!
You are too injured to fight recklessly!
You are too injured to fight recklessly!
You are too injured to fight recklessly!
You are too injured to fight recklessly!
You are too injured to fight recklessly!
You are too injured to fight recklessly!
You are too injured to fight recklessly!
You are too injured to fight recklessly!
You are too injured to fight recklessly!
You are too injured to fight recklessly!
You are too injured to fight recklessly!
You are too injured to fight recklessly!
You are too injured to fight recklessly!
You are too injured to fight recklessly!
Unknown command.
You are too injured to fight recklessly!
Unknown command.
You are too injured to fight recklessly!
Unknown command.
You are too injured to fight recklessly!
Unknown command.
You are too injured to fight recklessly!
Aiming: Iceblast
Press: ? - help, Q - select action, (/) - cycle Shift-Dir - straight line
Okay, then.
You feel yourself speed up. The centaur barely misses you.
The centaur kicks you but does no damage.
The centaur hits you but does no damage.
The centaur kicks you but does no damage.
The ogre hits you with a +0 giant spiked club!
* * * LOW HITPOINT WARNING * * *
You feel very mighty all of a sudden. You block the centaur's attack.
The centaur kicks you but does no damage.
You barely miss the ogre.
The ogre is almost dead.
You slash the centaur! You block the centaur's attack. x2
The ogre hits you with a +0 giant spiked club!
You die...

#....#.# #. .# .
.......### #.##.# #..
#........### ..#.##..(.
......##...###.......##
#....#####............<
.....# ######.##...#
.....####### #.# .
...........# #.###
.#########.. #.@.# ##
#...cO...... #
#........=..
#......?....
#...).......
##.........#
##...#...## ###.#.###


You could see an ogre and a centaur.

Vanquished Creatures
  Eustachio (D:5)
  A scorpion (D:5)
  An orc priest (D:4)
  Crazy Yiuf (D:2)
  5 hounds (D:5)
  3 iguanas (D:5)
  An orc wizard (D:3)
  Natasha (thrice) (D:2)
  Robin (D:2)
  7 adders
  7 gnolls
  3 worms
  2 dart slugs (D:2)
  15 orcs
  4 endoplasms
  4 giant cockroaches
  17 goblins
  8 hobgoblins
  3 quokkas
  9 ball pythons
  9 bats
  A frilled lizard (D:1)
  4 kobolds
  5 rats
115 creatures vanquished.

Notes
Turn   | Place    | Note
-------+----------+-------------------------------------------
     0 | D:1      | p00ps00p the Hill Orc Fighter began the quest for the Orb.
     0 | D:1      | Reached XP level 1. HP: 19/19 MP: 1/1
   190 | D:1      | Reached XP level 2. HP: 27/27 MP: 2/2
   304 | D:1      | Found a faded altar of an unknown god.
   832 | D:2      | Reached XP level 3. HP: 29/33 MP: 3/3
   876 | D:2      | Identified the +0 helmet "Beobroeq" {-Tele Harm rElec MP+9}
   876 | D:2      | Noticed Robin
   887 | D:2      | Killed Robin
   890 | D:2      | Reached XP level 4. HP: 38/40 MP: 4/4
  1159 | D:2      | Noticed Natasha
  1161 | D:2      | Found a shadowy altar of Dithmenos.
  1170 | D:2      | Killed Natasha
  1600 | D:2      | Found a runed translucent door.
  1601 | D:2      | Noticed Crazy Yiuf
  1719 | D:2      | Noticed Natasha
  1726 | D:2      | Killed Natasha
  1727 | D:2      | Reached XP level 5. HP: 34/47 MP: 5/5
  1802 | D:2      | Noticed Natasha
  1813 | D:2      | Killed Natasha
  1894 | D:2      | Killed Crazy Yiuf
  2031 | D:3      | Reached skill level 5 in Fighting
  2031 | D:3      | Reached XP level 6. HP: 55/56 MP: 6/6
  2172 | D:3      | Found a broken altar of Ashenzari.
  2298 | D:3      | Found a bloodstained altar of Trog.
  2755 | D:4      | Found a sacrificial altar of Ru.
  2755 | D:4      | Found a blossoming altar of Fedhas.
  2906 | D:4      | Reached skill level 5 in Axes
  3424 | D:5      | Entered Level 5 of the Dungeon
  3432 | D:5      | Reached skill level 5 in Armour
  3437 | D:5      | Reached skill level 5 in Shields
  3437 | D:5      | Reached XP level 7. HP: 50/61 MP: 7/7
  4017 | D:5      | Noticed Eustachio
  4035 | D:5      | Killed Eustachio
  4418 | D:5      | Reached XP level 8. HP: 66/69 MP: 8/8
  4586 | D:6      | Slain by an ogre

Illustrated notes

Levels and vault maps discovered:
D:1:      lemuel_arrival_rhombus, layout_loops_ring,
          ebering_ecumenical_altar_rust
D:2:      layout_loops_ring, basic_altar, uniq_natasha, uniq_robin,
          uniq_crazy_yiuf_cottage
D:3:      layout_loops_ring, trog_three_pillars_becter,
          cheibrodos_ashenzari_chains, minmay_cut_off
D:4:      layout_loops_ring, mainiacjoe_overflow_large_starburst
D:5:      layout_basic, uniq_eustachio
D:6:      layout_rooms, cheibriados_altar_1,
          mainiacjoe_overflow_small_starburst, uniq_blork_the_orc

Skill      XL: |  1  2  3  4  5  6  7 |
---------------+----------------------+-----
Axes           | 3 4 5 6 |  6.2
Fighting       | 4 5 6 |  6.3
Armour         | 4 5 |  5.8
Shields        | 4 5 |  5.7

Action                   |  1- 3 |  4- 6 |  7- 9 || total
-------------------------+-------+-------+-------++-------
Melee: War axe           |    69 |   190 |    78 ||   337
  Use: Scroll            |     2 |     4 |     2 ||     8
       Potion            |       |     1 |     2 ||     3
Armor: Scale mail        |    38 |    94 |    39 ||   171
Dodge: Dodged            |    23 |    95 |    33 ||   151
Block: Buckler           |    16 |    46 |    20 ||    82

Table legend: (Time is in decaauts)
 A = Elapsed time spent in this place.
 B = Non-inter-level travel time spent in this place.
 C = Inter-level travel time spent in this place.
 D = Time resting spent in this place.
 E = Time spent auto-exploring this place.
 F = Levels seen in this place.
 G = Mean time per level.
                   A        B        C        D        E       F      G
               +--------+--------+--------+--------+--------+-----+--------+
         Total |   4710 |   4485 |    225 |    204 |   3448 |   6 |  785.0 |
       Dungeon |   4710 |   4485 |    225 |    204 |   3448 |   6 |  785.0 |
               +--------+--------+--------+--------+--------+-----+--------+

Top non-repeatable levels by time:
     D:2: 1293 daAuts
     D:5: 1119 daAuts
     D:3: 783 daAuts
     D:1: 726 daAuts
     D:4: 723 daAuts
     D:6: 63 daAuts
